 Dungeon Crawl Stone Soup version 0.27-a0-385-g3208abaabc (webtiles) character file.

Game seed: 6311704827152215590

219 kae the Ruffian (level 5, -5/42 HPs)
             Began as a Draconian Transmuter on Feb 19, 2021.
             Killed by divine providence
             ... invoked by an orc priest
              (14 damage)
             ... on level 3 of the Dungeon.
             The game lasted 00:03:16 (3380 turns).

kae the Ruffian (Draconian Transmuter)              Turns: 3380, Time: 00:03:17

Health: -5/42      AC:  8    Str: 13    XL:     5   Next: 64%
Magic:  0/8        EV: 12    Int: 13    God:
Gold:   128        SH:  0    Dex: 12    Spells: 4/8 levels left

rFire    . . .     SeeInvis .     - Unarmed
rCold    . . .     Faith    .   (no shield)
rNeg     . . .     Spirit   +   (armour unavailable)
rPois    +         Reflect  .   (helmet restricted)
rElec    .         Harm     +   d - scarf {harm}
rCorr    .         Rampage  .   b - +2 pair of gloves
Will     .....                  (no boots)
Stlth    +.........             e - amulet of guardian spirit
HPRegen  0.14/turn              g - ring of wizardry
MPRegen  0.11/turn              i - ring of poison resistance

@: no status effects
A: unfitting armour, cold-blooded, AC +5
a: no special abilities


You were on level 3 of the Dungeon.
You visited 1 branch of the dungeon, and saw 3 of its levels.

You collected 128 gold pieces.

Inventory:

Armour
 b - a +2 pair of gloves (worn)
 d - a scarf of harm (worn)
Jewellery
 e - an amulet of guardian spirit (around neck)
 g - a ring of wizardry (left hand)
 i - a ring of poison resistance (right hand)
Wands
 h - a wand of charming (10)
Scrolls
 c - 2 scrolls of identify
Potions
 a - 2 potions of resistance
 f - a potion of berserk rage


   Skills:
 + Level 2.3 Fighting
 + Level 2.4 Dodging
 * Level 4.0 Unarmed Combat
 + Level 2.4 Spellcasting
 * Level 3.4 Transmutations
 - Level 2.0 Poison Magic


You had 4 spell levels left.
You knew the following spells:

 Your Spells              Type           Power        Failure   Level
a - Beastly Appendage     Tmut           20%          2%          1
b - Spider Form           Tmut/Pois      4%           10%         3

Your spell library contained the following spells:

 Spells                   Type           Power        Failure   Level
 Wereblood                Tmut           10%          3%          2
 Summon Small Mammal      Summ           4%           10%         1
 Ice Form                 Ice/Tmut       6%           41%         4
 Blade Hands              Tmut           5%           52%         5


Dungeon Overview and Level Annotations

Branches:
Dungeon (3/15)

Altars:
Cheibriados
Sif Muna
Trog


Innate Abilities, Weirdness & Mutations

Your plain brown scales are hard. (AC +5)
You cannot fit into any form of body armour.
You are cold-blooded and may be slowed by cold attacks.


Message History

You kill the kobold!
A worm comes into view.
Training target 2.0 for Poison Magic reached!
Your Poison Magic skill increases to level 2!
Things that are here:
a +0 club; a cyan potion; a kobold corpse You hit the orc.
The orc is poisoned.
The orc is severely wounded.
The orc priest begins to cast a cantrip, but forgets the words!
You hit the orc.
You kill the orc!
You hit the orc priest but do no damage.
The orc priest is poisoned.
Your transformation has ended.
Your scarf of harm unmelds from your body.
Your +2 pair of gloves unmelds from your body.
The rat bites you.
The orc priest casts a cantrip, but nothing happens.
The orc priest calls down the wrath of Beogh upon you.
Beogh smites you!
The orc shouts!
You hit the orc but do no damage. The orc hits you but does no damage.
The orc priest begins to cast a cantrip, but forgets the words!
The rat barely misses you. The orc priest closely misses you.
You closely miss the orc priest.
The orc priest is lightly wounded.
The orc misses you. The rat closely misses you.
The orc priest closely misses you.
You hit the orc priest.
Your tail-slap misses the orc priest.
Your punch misses the orc priest.
The orc priest is heavily wounded.
The ooze barely misses you. The orc hits you. The rat closely misses you.
The orc priest mumbles some strange prayers to Beogh against you.
Beogh smites you!
* * * LOW HITPOINT WARNING * * *
The orc priest barely misses you.
The orc priest looks more healthy.
The orc priest mumbles some strange prayers to Beogh against you.
Beogh smites you!
You die...

#........#.###.|......#.#
#......#..............#..
##......#####.........#.#
#......## #........#..
#.......## ...........
#...>.#..# ########.#
########.## #†.†
######..# #...
#.##....@### +...
.......J..## #...
.....woor..# #...
.......)...# ##.#
.......o...# ..#
........o..# ...........#
............
..........###


You could see a worm, 2 orc priests, an ooze, 2 orcs and a rat.

Vanquished Creatures
  Terence (D:2)
  8 gnolls
  4 adders
  A white imp (D:2)
  2 oozes
  5 worms (D:2)
  A dart slug (D:2)
  2 leopard geckos
  An orc (D:3)
  2 ball pythons
  4 giant cockroaches
  4 hobgoblins
  4 jackals (D:3)
  3 kobolds
  A quokka (D:2)
  9 bats
  3 frilled lizards
  8 goblins
  8 rats
71 creatures vanquished.

Notes
Turn   | Place    | Note
-------+----------+-------------------------------------------
     0 | D:1      | kae the Draconian Transmuter began the quest for the Orb.
     0 | D:1      | Reached XP level 1. HP: 16/16 MP: 3/3
   252 | D:1      | Reached XP level 2. HP: 3/23 MP: 3/5
   794 | D:1      | Reached XP level 3. HP: 28/28 MP: 6/6
   798 | D:1      | Learned a level 3 spell: Spider Form
  1432 | D:2      | Found a snail-covered altar of Cheibriados.
  1489 | D:2      | Reached skill level 1 in Poison Magic
  1489 | D:2      | Reached XP level 4. HP: 29/36 MP: 5/7
  1915 | D:2      | Noticed Terence
  1916 | D:2      | Found a bloodstained altar of Trog.
  1930 | D:2      | Killed Terence
  2165 | D:2      | Found a shimmering blue altar of Sif Muna.
  2168 | D:2      | Identified Sif Muna's Compendium of the Escort
  2228 | D:1      | Reached XP level 5. HP: 8/41 MP: 4/8
  3165 | D:3      | Reached skill level 4 in Unarmed Combat
  3380 | D:3      | Killed from afar by an orc priest

Illustrated notes

Levels and vault maps discovered:
D:1:      lemuel_arrival_tunnels, layout_rooms, kennysheep_nondescript
D:2:      layout_loops_ring, nzn_overflow_gifts_of_might_and_magic,
          old_standard_altar, serial_aquarium, aquarium_bridge_square
          [aquarium_subvault_bridge, aquarium_subvault_window,
          aquarium_subvault_wall, aquarium_subvault_wall], aquarium_window_1,
          aquarium_window_1, aquarium_view_2e, aquarium_view_2c, st_stairs_12
D:3:      layout_rooms, grunt_temple_overflow_holy_war,
          nzn_hepliaklqana_mist_gate, grunt_ministairs_2

Skill      XL: |  1  2  3  4  5 |
---------------+----------------+-----
Dodging        | 2 |  2.4
Poison Magic   | 1 2 |  2.0
Fighting       | 2 |  2.3
Transmutations | 3 |  3.4
Unarmed Combat | 4 |  4.0
Spellcasting   | |  2.4

Action                   |  1- 3 |  4- 6 || total
-------------------------+-------+-------++-------
Melee: Unarmed           |   101 |   115 ||   216
       Kick              |    19 |    20 ||    39
       Tailslap          |    10 |     8 ||    18
       Headbutt          |    11 |     8 ||    19
       Punch             |     1 |       ||     1
 Cast: Beastly Appendage |    20 |    19 ||    39
       Spider Form       |       |     4 ||     4
  Use: Scroll            |     1 |     5 ||     6
Armor: Skin              |    35 |    30 ||    65
Dodge: Dodged            |    81 |    99 ||   180

Table legend: (Time is in decaauts)
 A = Elapsed time spent in this place.
 B = Non-inter-level travel time spent in this place.
 C = Inter-level travel time spent in this place.
 D = Time resting spent in this place.
 E = Time spent auto-exploring this place.
 F = Levels seen in this place.
 G = Mean time per level.
                   A        B        C        D        E       F      G
               +--------+--------+--------+--------+--------+-----+--------+
         Total |   3365 |   3332 |     33 |    249 |   2528 |   3 | 1121.7 |
       Dungeon |   3365 |   3332 |     33 |    249 |   2528 |   3 | 1121.7 |
               +--------+--------+--------+--------+--------+-----+--------+

Top non-repeatable levels by time:
     D:2: 1708 daAuts
     D:1: 1364 daAuts
     D:3: 292 daAuts
